 Dungeon Crawl Stone Soup version 0.15.2 (webtiles) character file.

476 bwiles81 the Twirler (level 6, 0/55 HPs)
             Began as a Minotaur Gladiator on Dec 17, 2014.
             Was an Initiate of Okawaru.
             Slain by an orc
             ... wielding a +0 trident
              (6 damage)
             ... on Level 5 of the Dungeon.
             The game lasted 00:09:06 (4495 turns).

bwiles81 the Twirler (Minotaur Gladiator)           Turns: 4495, Time: 00:09:06

HP   0/55        AC  5     Str 24      XL: 6   Next: 84%
MP   3/3         EV 13     Int  5      God: Okawaru [......]
Gold 191         SH  0     Dex 12      Spells:  0 memorised,  5 levels left

rFire  . . .     SeeInvis .     a - +0 quarterstaff
rCold  . . .     Clarity  .     b - +0 leather armour
rNeg   . . .     rCorr    .     (no shield)
rPois  .         rRot     .     c - +1 hat
rElec  .         Spirit   .     (no cloak)
SustAb .         Warding  .     o - +0 pair of gloves
rMut   .         Stasis   .     (no boots)
Gourm  .                        (no amulet)
MR     .....                    (no ring)
                                (no ring)

@: not resistant to hostile enchantments, very unstealthy
A: retaliatory headbutt, horns 2, strong 2
a: Renounce Religion


You were on level 5 of the Dungeon.
You worshipped Okawaru.
Okawaru was noncommittal.
You were not hungry.

You visited 2 branches of the dungeon, and saw 6 of its levels.

You collected 191 gold pieces.

Inventory:

Hand weapons
 a - a +0 quarterstaff (weapon)
Missiles
 d - 3 throwing nets (quivered)
Armour
 b - a +0 leather armour (worn)
 c - a +1 hat (worn)
 o - a +0 pair of gloves (worn)
Comestibles
 f - 4 bread rations
 h - 3 beef jerkies
Scrolls
 g - 2 scrolls of teleportation
 j - 2 scrolls of enchant armour
 r - a scroll of remove curse
Potions
 k - 2 potions of resistance
 l - a potion of might
 m - a potion of cancellation
 n - 2 potions of haste
 p - a potion of berserk rage
 q - a potion of flight
 u - 2 potions of heal wounds


   Skills:
 + Level 4.8 Fighting
 * Level 6.3 Staves
 - Level 2.0 Throwing
 + Level 3.6 Armour
 + Level 4.6 Dodging


You had 5 spell levels left.
You didn't know any spells.

Dungeon Overview and Level Annotations

Branches:
Dungeon (5/15)             Temple (1/1) D:4

Altars:
Ashenzari
Cheibriados
Dithmenos
Elyvilon
Fedhas
Kikubaaqudgha
Makhleb
Nemelex Xobeh
Okawaru
Qazlal
Sif Muna
Trog
Vehumet
Xom
Yredelemnul
Zin
The Shining One


Innate Abilities, Weirdness & Mutations

You reflexively headbutt those who attack you in melee.
You have a pair of horns on your head.
Your muscles are very strong. (Str +4)


Message History

You hit the orc.
The orc is severely wounded.
The orc hits you but does no damage.
You barely miss the orc.
The orc is severely wounded.
The orc closely misses you. The orc hits you with a hand axe!
* * * LOW HITPOINT WARNING * * *
You hit the orc but do no damage. Your headbutt misses the orc.
The orc is severely wounded.
The orc hits you with a trident.
* * * LOW HITPOINT WARNING * * *
The orc hits you with a hand axe.
* * * LOW HITPOINT WARNING * * *
You hit the orc but do no damage.
The orc is severely wounded.
The orc barely misses you. The orc hits you but does no damage.
You hit the orc. You headbutt the orc, but do no damage.
The orc is almost dead.
The orc hits you with a trident.
You die...

.# ### ##.##
..##....
###....?.##.
.....!#....
###o#.....#
#...@o.#
#.#.##.#..#.
#.#.........
#...##.##...
####.####.#
##
#.........#
#.......###
#.......#
##.##.....(.#


You could see 2 orcs.

Vanquished Creatures
  2 ogres (D:4)
  A jelly (D:5)
  An orc wizard (D:4)
  4 worker ants (D:4)
  3 adders
  3 green rats (D:2)
  5 worms
  3 giant geckos
  8 orcs
  A bat skeleton (D:4)
  3 giant cockroaches (D:4)
  10 hobgoblins
  9 jackals
  2 ball pythons
  9 bats
  5 giant newts
  12 goblins
  6 kobolds
  3 quokkas
  10 rats
  A rat zombie (D:5)
  2 plants (D:2)
103 creatures vanquished.

Notes
Turn   | Place    | Note
--------------------------------------------------------------
     0 | D:1      | bwiles81, the Minotaur Gladiator, began the quest for the Orb.
     0 | D:1      | Reached XP level 1. HP: 18/18 MP: 1/1
   145 | D:1      | Reached XP level 2. HP: 23/25 MP: 1/1
   597 | D:2      | Reached skill level 4 in Staves
   597 | D:2      | Reached XP level 3. HP: 22/31 MP: 2/2
   620 | D:2      | Reached skill level 1 in Armour
   910 | D:2      | Found a deep blue altar of Sif Muna.
  1307 | D:2      | Reached XP level 4. HP: 36/38 MP: 2/2
  2469 | D:3      | Reached skill level 5 in Staves
  2666 | D:3      | Gained mutation: Your muscles are strong. (Str +2) [potion of mutation]
  2666 | D:3      | Gained mutation: Your muscles are very strong. (Str +4) [potion of mutation]
  2765 | D:4      | Found a sparkling altar of Nemelex Xobeh.
  3191 | D:4      | Reached XP level 5. HP: 46/46 MP: 2/2
  3590 | D:4      | Noticed an ogre
  3598 | D:4      | Killed an ogre
  3598 | D:4      | Reached XP level 6. HP: 48/53 MP: 3/3
  3611 | D:4      | Found a staircase to the Ecumenical Temple.
  3619 | Temple   | Entered the Ecumenical Temple
  3636 | Temple   | Became a worshipper of Warmaster Okawaru
  3935 | D:4      | Noticed an ogre
  3946 | D:4      | Killed an ogre
  3946 | D:4      | Reached skill level 6 in Staves
  4466 | D:5      | Entered Level 5 of the Dungeon
  4495 | D:5      | Slain by an orc

Action                   |  1- 3 |  4- 6 || total
-------------------------+-------+-------++-------
Melee: Quarterstaff      |    93 |   173 ||   266
  Use: Scroll            |     4 |     8 ||    12
       Potion            |       |     2 ||     2
  Eat: Chunk             |     1 |     5 ||     6
       Meat ration       |       |     1 ||     1
